 Dungeon Crawl Stone Soup version 0.26.0-8-g74fc34ddfb (webtiles) character file.

Game seed: 7103032892575886707

137 pokeman the Magician (level 5, -1/29 HPs)
             Began as a Deep Elf Hedge Wizard on Jan 12, 2021.
             Slain by an orc priest
             ... wielding a +0 mace
              (5 damage)
             ... on level 3 of the Dungeon.
             The game lasted 00:06:11 (2833 turns).

pokeman the Magician (Deep Elf Hedge Wizard)        Turns: 2833, Time: 00:06:12

Health: -1/29      AC:  7    Str:  7    XL:     5   Next: 0%
Magic:  6/15       EV: 12    Int: 20    God:
Gold:   87         SH:  0    Dex: 14    Spells: 5/16 levels left

rFire    . . .     SeeInvis .   i - +1 dagger (protect)
rCold    . . .     Faith    .   (no shield)
rNeg     . . .     Spirit   .   e - +0 leather armour
rPois    .         Reflect  .   c - +0 hat
rElec    .         Harm     .   (no cloak)
rCorr    .         Rampage  .   (no gloves)
Will     .....                  (no boots)
Stlth    ++........             (no amulet)
HPRegen  0.09/turn              k - +4 ring of protection
MPRegen  0.14/turn              (no ring)

@: lethally poisoned (-1 -> -5), very slightly contaminated
A: no striking features
a: no special abilities


You were on level 3 of the Dungeon.
You visited 1 branch of the dungeon, and saw 3 of its levels.

You collected 87 gold pieces.

Inventory:

Hand Weapons
 i - a +1 dagger of protection (weapon)
Armour
 c - a +0 hat (worn)
 e - a +0 leather armour (worn)
 n - a cursed +0 buckler
Jewellery
 k - a +4 ring of protection (left hand)
Wands
 p - a wand of enslavement (9)
Scrolls
 a - a scroll of random uselessness {unknown}
 f - a scroll of blinking {unknown}
 j - a scroll of enchant armour {unknown}
 l - a scroll of teleportation {unknown}
 o - 3 scrolls of identify {unknown}
Potions
 b - 2 potions of haste {unknown}
 d - 2 potions of lignification {unknown}
 g - a potion of cancellation {unknown}
 h - a potion of magic {unknown}
 m - a potion of brilliance {unknown}


   Skills:
 - Level 1.0 Fighting
 - Level 1.0 Armour
 - Level 3.0 Dodging
 - Level 2.4 Stealth
 + Level 0.0 Shields
 * Level 6.0 Spellcasting
 + Level 2.4 Conjurations
 - Level 1.1 Summonings
 - Level 1.1 Translocations
 - Level 1.1 Fire Magic
 + Level 0.0 Air Magic


You had 5 spell levels left.
You knew the following spells:

 Your Spells              Type           Power        Failure   Level
a - Magic Dart            Conj           60%          5%          1
b - Mephitic Cloud        Conj/Pois/Air  9%           32%         3
c - Call Imp              Summ           10%          14%         2
d - Blink                 Tloc           N/A          14%         2
e - Conjure Flame         Conj/Fire      13%          22%         3

Your spell library contained the following spells:

 Spells                   Type           Power        Failure   Level
 Slow                     Hex            6%           22%         2


Dungeon Overview and Level Annotations

Branches:
Dungeon (3/15)

Altars:


Message History

Aim: an orc priest, wielding a +0 mace That beam is likely to hit you.
Continue anyway?
You miscast Mephitic Cloud.
Nothing appears to happen.
The orc priest invokes the aid of Beogh against you.
Pain shoots through your body!
Casting: Mephitic Cloud (extremely dangerous; 32% risk of failure)
Confirm with . or Enter, or press ? or * to list all spells.
The spell is extremely dangerous to cast (32% risk of failure)!
Continue anyway?
Aiming: Mephitic Cloud (extremely dangerous; 32% risk of failure)
Press: ? - help, Shift-Dir - straight line, f/p - orc priest
Aim: an orc priest, wielding a +0 mace That beam is likely to hit you.
Continue anyway?
You miscast Mephitic Cloud.
You feel odd!
You are more poisoned.
* * * LOW HITPOINT WARNING * * *
x2 You feel sick.
Unknown command.
Unknown command.
The orc priest hits you with a +0 mace.
You die...

.#####. ♣.....##
..≈...≈≈ ♣.......##
≈≈≈...≈. .!.≈≈≈...#
≈≈≈≈≈≈≈≈ ..≈≈≈≈≈..##
≈≈≈≈≈≈≈≈ ..≈≈♣≈≈...
#.≈≈≈≈≈≈≈≈≈ ..≈≈≈≈≈..#
#..≈≈≈♣.≈≈≈ ...≈≈≈...#
#≈.≈≈≈≈_♣≈≈ ♣......@#
##≈.≈≈≈≈≈.≈≈ ♣♣....o.#
#...≈≈≈≈≈≈≈≈
♣♣####o#####...≈≈≈≈≈≈≈≈
#...)..oo≈≈≈≈≈†≈≈≈
####.......≈≈.≈.≈≈
#..............
#..?..###...... ##.?.##
#.##### ##.## #.#


You could see an orc priest and an orc wizard.

Vanquished Creatures
  An orc priest (D:3)
  4 adders (D:3)
  2 oozes (D:3)
  A worm (D:2)
  2 dart slugs
  6 orcs (D:3)
  3 giant cockroaches
  7 goblins
  6 hobgoblins
  A ball python (D:2)
  7 bats
  3 frilled lizards
  7 kobolds
  3 rats
53 creatures vanquished.

Notes
Turn   | Place    | Note
-------+----------+-------------------------------------------
     0 | D:1      | pokeman the Deep Elf Hedge Wizard began the quest for the
                  | Orb.
     0 | D:1      | Reached XP level 1. HP: 10/10 MP: 7/7
   263 | D:1      | Reached XP level 2. HP: 16/16 MP: 5/9
   959 | D:1      | Reached skill level 5 in Spellcasting
  1646 | D:2      | Reached XP level 3. HP: 13/20 MP: 6/11
  1664 | D:2      | Learned a level 3 spell: Mephitic Cloud
  1667 | D:2      | Learned a level 2 spell: Call Imp
  1670 | D:2      | Learned a level 2 spell: Blink
  1674 | D:2      | Learned a level 3 spell: Conjure Flame
  1967 | D:2      | You fall into a shaft and drop 1 floor!
  2061 | D:3      | Reached skill level 1 in Fighting
  2166 | D:3      | Reached skill level 1 in Armour
  2229 | D:3      | Reached XP level 4. HP: 17/25 MP: 1/13
  2519 | D:3      | Found a faded altar of an unknown god.
  2632 | D:3      | Reached skill level 6 in Spellcasting
  2632 | D:3      | Reached skill level 1 in Fire Magic
  2645 | D:3      | Reached XP level 5. HP: 13/29 MP: 2/15
  2833 | D:3      | Slain by an orc priest

Illustrated notes

Levels and vault maps discovered:
D:1:      minmay_arrival_four_circles, layout_basic, amcnicky_mini_pool_small,
          st_stairs_13
D:2:      layout_basic, grunt_temple_overflow_open
D:3:      layout_loops_ring, elyvilon_altar_3, chequers_ecumenical_altar_island,
          minmay_vboxes

Skill      XL: |  1  2  3  4 |
---------------+-------------+-----
Spellcasting   | 5 6 |  6.0
Fighting       | 1 |  1.0
Armour         | 1 |  1.0
Conjurations   | 2 |  2.4
Dodging        | 3 |  3.0
Fire Magic     | 1 |  1.1
Stealth        | |  2.4
Summonings     | |  1.1
Translocations | |  1.1

Action                   |  1- 3 |  4- 6 || total
-------------------------+-------+-------++-------
Melee: Dagger            |    25 |    36 ||    61
 Cast: Magic Dart        |   114 |    25 ||   139
       Mephitic Cloud    |       |     1 ||     1
 Stab: Sleeping          |     1 |       ||     1
Armor: Leather armour    |     8 |    15 ||    23
Dodge: Dodged            |    29 |    23 ||    52
